 Dungeon Crawl Stone Soup version 0.23.2-1-ga50397a (webtiles) character file.

Game seed: 5825850085003860698

8666 Borgoz the Fighter (level 11, -8/106 HPs)
             Began as a Gargoyle Gladiator on May 14, 2019.
             Was an Initiate of Ashenzari.
             Mangled by an orc knight
             ... wielding a +0 halberd
              (10 damage)
             ... in a bailey.
             The game lasted 00:12:24 (7208 turns).

Borgoz the Fighter (Gargoyle Gladiator)             Turns: 7208, Time: 00:12:25

Health: -8/106     AC: 25    Str: 17 (18) XL:     11   Next: 34%
Magic:  11/11      EV:  2    Int: 11 (13) God:    Ashenzari [......]
Gold:   306        SH:  3    Dex: 12 (14) Spells: 10/10 levels left

rFire    + . .     SeeInvis .   o - +3 broad axe (flame)
rCold    . . .     Gourm    +   I - +0 buckler of the Dungeon {rC- rN+ MR+ Int+4} (curse)
rNeg     + + +     Faith    .   (armour currently unavailable)
rPois    ∞         Spirit   .   (helmet currently unavailable)
rElec    +         Reflect  .   (cloak currently unavailable)
rCorr    +         Harm     .   (gloves currently unavailable)
MR       +....     NoTele   +   (boots currently unavailable)
Stlth    ++........             j - amulet of the gourmand
HPRegen  0.27/turn              (no ring)
MPRegen  0.12/turn              (no ring)

@: tree-form, resistant
A: negative energy resistance 1, petrification resistance, rot immunity, AC +8
a: Curse Item, Renounce Religion


You were in a bailey.
You worshipped Ashenzari.
Ashenzari was noncommittal.
You were not hungry.
You were a tree.
You visited 2 branches of the dungeon, and saw 9 of its levels.
You also visited: Sewer, Ossuary and Bailey.

You collected 495 gold pieces.
You spent 189 gold pieces at shops.

Inventory:

Hand Weapons
 a - a +0 war axe
 o - a +3 broad axe of flaming (weapon)
Missiles
 d - a bolt
Armour
 c - a +1 helmet (melded)
 h - a +0 ring mail (melded)
 F - a cursed +0 cloak (melded)
 I - the cursed +0 buckler of the Dungeon (worn) {rC- rN+ MR+ Int+4}
   (You found it on level 7 of the Dungeon)

   It affects your intelligence (+4).
   It makes you vulnerable to cold.
   It protects you from negative energy.
   It affects your resistance to hostile enchantments.
   It has a curse placed upon it.
Jewellery
 j - an amulet of the gourmand (around neck)
 w - an uncursed amulet of the acrobat
Wands
 y - a wand of acid (17)
Scrolls
 e - 3 scrolls of teleportation {unknown}
 i - 2 scrolls of remove curse
 k - a scroll of amnesia {unknown}
 q - 3 scrolls of enchant armour
 x - a scroll of immolation {unknown}
 A - 3 scrolls of magic mapping {unknown}
 C - a scroll of torment {unknown}
 D - a scroll of enchant weapon {unknown}
 E - 3 scrolls of acquirement {unknown}
 G - 2 scrolls of random uselessness {unknown}
 H - a scroll of fear
 J - 3 scrolls of holy word {unknown}
Potions
 n - 4 potions of curing
 p - 2 potions of haste
 r - 5 potions of brilliance
 s - a potion of lignification
 u - 2 potions of magic
Comestibles
 f - 18 rations


   Skills:
 * Level 9.1 Fighting
 * Level 9.0 Axes
 + Level 3.1 Throwing
 * Level 8.7 Armour
 * Level 8.3 Dodging
 + Level 3.1 Stealth


You had 10 spell levels left.
You didn't know any spells.
Your spell library was empty.

Dungeon Overview and Level Annotations

Branches:
Dungeon (8/15)             Temple (1/1) D:5
   Lair: D:8-11

Altars:
Ashenzari
Cheibriados
Dithmenos
Elyvilon
Gozag
Hepliaklqana
Kikubaaqudgha
Makhleb
Nemelex Xobeh
Okawaru
Qazlal
Ru
Sif Muna
Uskayaw
Wu Jian
Xom
The Shining One

Shops:
D:5 *   D:6 (


Innate Abilities, Weirdness & Mutations

You are resistant to torment.
((Your stone body is resilient. (AC +8)))
You are immune to poison.
You resist negative energy. (rN+)
((You are resistant to electric shocks. (rElec)))
((You can survive without breathing.))
You are immune to petrification.
You are immune to rotting.


Message History

The orc knight barely misses you.
The orc warrior hits you but does no damage.
Your magical contamination has completely faded away.
Evoke which item? (* to show all) (? for menu, Esc to quit)
Aiming: Corrosive Bolt
Press: ? - help, Shift-Dir - straight line, f - orc knight
Aim: an orc knight, wielding a +0 halberd and wearing a +0 chain mail (severely wounded)
The bolt of acid hits the orc knight.
The orc knight is splashed with acid.
The acid corrodes the orc knight!
The orc knight is severely wounded.
The orc warrior hits you.
* * * LOW HITPOINT WARNING * * *
The orc knight hits you but does no damage.
The orc warrior hits you but does no damage.
You feel much better. The orc warrior hits you!
* * * LOW HITPOINT WARNING * * *
The orc warrior hits you!
* * * LOW HITPOINT WARNING * * *
The orc knight hits you with a +0 halberd!
You die...

### ### #
##∩###########.##
.##(..##..(.(##...#
..#...#.)≈≈≈.(#..(#
≈.......≈≈o≈≈(#o..#
≈.......≈o∩o≈.+.♣o#
≈...()..≈≈.≈≈.#(o(#
..#((.#..≈≈≈..#(.(#
. #().##.....##(.!#
##∩###########.##
### ###


You could see an orc knight and 2 orc warriors.

Vanquished Creatures
  A two-headed ogre (D:6)
  Pikel (D:6)
  An orc knight (Bailey)
  A hog (D:7)
  A human (D:7)
  3 yaks (D:7)
  A water moccasin (D:6)
  2 orc warriors
  2 ice beasts
  A slave (D:6)
  A black bear (D:7)
  An ogre (D:6)
  A phantom (D:7)
  A centaur (D:5)
  4 bullfrogs
  2 elf skeletons (D:8)
  A scorpion (D:4)
  3 wights (D:6)
  2 howler monkeys
  A bullfrog zombie (D:5)
  A quasit (D:7)
  3 centaur zombies (Ossuary)
  An orc priest (D:5)
  A hound (D:6)
  A jelly (D:7)
  A gnoll shaman (D:6)
  Crazy Yiuf (D:6)
  5 iguanas
  2 orc wizards (D:5)
  A worker ant (D:6)
  A big kobold zombie (Ossuary)
  A hound zombie (D:4)
  5 mummies (Ossuary)
  A hound skeleton (D:3)
  A howler monkey skeleton (D:4)
  14 adders
  8 gnolls
  A shadow imp (D:7)
  An ooze (Sewer)
  An adder skeleton (D:7)
  A worm (D:2)
  6 leopard geckos
  16 orcs
  8 giant cockroaches
  7 goblins
  20 hobgoblins
  10 jackals
  A quokka (D:2)
  5 ball pythons
  A ball python zombie (D:5)
  15 bats
  10 frilled lizards
  2 hobgoblin zombies (Ossuary)
  22 kobolds
  A leopard gecko zombie (D:5)
  A quokka skeleton (D:8)
  A quokka zombie (D:5)
  7 rats
  7 plants (D:6)
223 creatures vanquished.

Vanquished Creatures (others)
  An orc warrior (Bailey)
  A slave (D:6)
  An adder (D:6)
3 creatures vanquished.

Grand Total: 226 creatures vanquished

Notes
Turn   | Place    | Note
-------+----------+-------------------------------------------
     0 | D:1      | Borgoz the Gargoyle Gladiator began the quest for the Orb.
     0 | D:1      | Reached XP level 1. HP: 12/12 MP: 1/1
   130 | D:1      | Reached XP level 2. HP: 17/17 MP: 2/2
   141 | D:1      | Found a snail-covered altar of Cheibriados.
   390 | D:1      | Reached skill level 1 in Armour
   398 | D:1      | Reached XP level 3. HP: 12/22 MP: 3/3
  1095 | D:2      | Found a white marble altar of Elyvilon.
  1136 | D:2      | Found an opulent altar of Gozag.
  1324 | D:2      | Reached XP level 4. HP: 21/27 MP: 4/4
  1432 | D:2      | Found a stormy altar of Qazlal.
  1478 | D:2      | Found a hazy altar of Hepliaklqana.
  1544 | D:2      | Found a faded altar of an unknown god.
  1870 | D:2      | Reached XP level 5. HP: 30/32 MP: 5/5
  2337 | D:3      | You fall through a shaft for 2 floors!
  2337 | D:5      | Entered Level 5 of the Dungeon
  2528 | D:5      | Reached XP level 6. HP: 22/37 MP: 6/6
  2906 | D:4      | Found a glowing drain.
  2987 | Sewer    | Entered a sewer
  3274 | D:4      | Reached XP level 7. HP: 42/42 MP: 7/7
  4284 | D:4      | Found a stormy altar of Qazlal.
  4508 | D:5      | Reached skill level 5 in Axes
  4538 | D:5      | Found Zient's General Store.
  4591 | D:5      | Found a staircase to the Ecumenical Temple.
  4673 | Temple   | Entered the Ecumenical Temple
  4750 | Temple   | Became a worshipper of Ashenzari the Shackled
  4973 | D:6      | Found Comisch's Antique Weapon Shop.
  4998 | D:6      | Noticed Pikel
  5013 | D:6      | Killed Pikel
  5013 | D:6      | Reached skill level 5 in Dodging
  5013 | D:6      | Reached XP level 8. HP: 26/48 MP: 8/8
  5033 | D:6      | Bought a runed broad axe for 189 gold pieces
  5089 | D:6      | Reached skill level 5 in Fighting
  5158 | D:6      | Noticed a two-headed ogre
  5173 | D:6      | Killed a two-headed ogre
  5173 | D:6      | Reached XP level 9. HP: 24/54 MP: 9/9
  5394 | D:6      | Reached skill level 5 in Armour
  5534 | D:6      | Reached skill level 1 in Stealth
  5811 | D:6      | Found a runed translucent door.
  5812 | D:6      | Noticed Crazy Yiuf
  5918 | D:6      | Killed Crazy Yiuf
  6397 | D:7      | Reached XP level 10. HP: 33/61 MP: 10/10
  6418 | D:7      | Got the cursed buckler of the Dungeon {rC- rN+ MR+ Int+4}
  6999 | D:8      | Found a sand-covered staircase.
  7006 | Ossuary  | Entered an ossuary
  7130 | D:8      | Found a flagged portal.
  7139 | Bailey   | Entered a bailey
  7139 | Bailey   | Noticed an orc knight
  7141 | Bailey   | Noticed an orc knight
  7147 | Bailey   | Identified the cursed +0 buckler of the Dungeon {rC- rN+
                  | MR+ Int+4} (You found it on level 7 of the Dungeon)
  7151 | Bailey   | Reached XP level 11. HP: 39/71 MP: 11/11
  7171 | Bailey   | Killed an orc knight
  7184 | Bailey   | Noticed an orc knight
  7208 | Bailey   | HP: 2/106 [orc warrior (15)]
  7208 | Bailey   | Mangled by an orc knight

Skill      XL: |  1  2  3  4  5  6  7  8  9 10 11 |
---------------+----------------------------------+-----
Axes           | 3 4 5 6 7 8 9 |  9.0
Armour         | 1 2 4 6 8 |  8.7
Dodging        | 3 4 5 6 8 |  8.3
Fighting       | 3 4 5 6 9 |  9.1
Throwing       | 2 3 |  3.1
Stealth        | 2 3 |  3.1

Action                   |  1- 3 |  4- 6 |  7- 9 | 10-12 || total
-------------------------+-------+-------+-------+-------++-------
Melee: War axe           |   124 |   311 |   132 |       ||   567
       Broad axe         |       |       |   116 |    76 ||   192
Throw: Throwing net      |       |       |     4 |     1 ||     5
Evoke: Wand              |       |       |       |     1 ||     1
  Use: Potion            |       |     3 |     3 |    15 ||    21
       Scroll            |       |     2 |     1 |     3 ||     6
 Stab: Held in net/web   |       |       |     1 |       ||     1
       Sleeping          |       |       |     1 |     1 ||     2
       Invisible         |       |       |       |     3 ||     3
  Eat: Chunk             |    17 |     8 |     3 |     9 ||    37
Armor: Ring mail         |    80 |   161 |   109 |    35 ||   385
       Leather armour    |     7 |       |       |       ||     7
       Skin              |       |       |       |    18 ||    18
Dodge: Dodged            |   138 |   297 |   210 |    79 ||   724
Block: Buckler           |       |       |       |     9 ||     9
